 Dungeon Crawl Stone Soup version 0.18.1-50-g88ac8fd (webtiles) character file.

60 Nordron the Changer (level 4, 0/28 HPs)
             Began as an Octopode Transmuter on Oct 2, 2016.
             Slain by a goblin
             ... wielding a +0 club
             ... led by Robin
              (6 damage)
             ... on level 2 of the Dungeon.
             The game lasted 00:03:08 (791 turns).

Nordron the Changer (Octopode Transmuter)            Turns: 791, Time: 00:03:09

Health: 0/28       AC:  1    Str:  9    XL:     4   Next: 4%
Magic:  6/7        EV: 12    Int: 15    God:
Gold:   57         SH:  5    Dex: 13    Spells: 1 memorised, 6 levels left

rFire  . . .     SeeInvis .     i - -3 whip (curse)
rCold  . . .     Gourm    .     (no shield)
rNeg   . . .     Faith    .     (helmet restricted)
rPois  +         Spirit   .     k - +5 amulet of reflection
rElec  .         Dismiss  .     o - ring of poison resistance
rCorr  .         Reflect  +     (no ring)
SustAt .         Harm     .     (no ring)
MR     .....                    (no ring)
Stlth  ++........               (no ring)
                                (no ring)
                                (no ring)
                                (no ring)

@: appendage (expiring), not resistant to hostile enchantments, unstealthy
A: almost no armour, amphibious, 8 rings, constrict 8, tentacle spike 3,
camouflage 1, gelatinous body 1
a: End Transformation


You were on level 2 of the Dungeon.
You were not hungry.
One of your tentacles had a temporary spike.
You visited 1 branch of the dungeon, and saw 2 of its levels.

You collected 57 gold pieces.

Inventory:

Hand Weapons
 i - a cursed -3 whip (weapon)
Missiles
 a - 12 arrows
Jewellery
 k - a +5 amulet of reflection (around mantle)
 o - a ring of poison resistance (left tentacle)
Scrolls
 l - a scroll of amnesia
Potions
 d - a potion of curing {unknown}
 e - a potion of agility {unknown}
 h - 2 potions of brilliance
 j - a potion of flight {unknown}
 m - a potion of ambrosia {unknown}
 n - a potion of heal wounds {unknown}
Books
 b - a book of Changes

   Spells                             Type                      Level
   a - Beastly Appendage              Transmutation                1
   b - Sticks to Snakes               Transmutation                2
   c - Spider Form                    Transmutation/Poison         3
   d - Ice Form                       Ice/Transmutation            4
   e - Blade Hands                    Transmutation                5
Comestibles
 c - 2 bread rations
 f - a royal jelly
 g - 6 chunks of flesh


   Skills:
 - Level 1.0 Fighting
 - Level 2.0 Dodging
 - Level 3.0 Unarmed Combat
 - Level 2.0 Spellcasting
 * Level 4.2 Transmutations


You had 6 spell levels left.
You knew the following spells:

 Your Spells              Type           Power        Failure   Level  Hunger
a - Beastly Appendage     Trmt           ##....       4%          1    #......


Dungeon Overview and Level Annotations

Branches:
Dungeon (2/15)

Altars:

Annotations:
D:2 Robin


Innate Abilities, Weirdness & Mutations

You cannot wear most types of armour.
You are amphibious.
You can wear up to eight rings at the same time.
You can use your tentacles to constrict eight enemies at once.
Your skin changes colour to match your surroundings (Stealth).
Your rubbery body absorbs attacks (AC +1).
One of your tentacles bears a large vicious spike.


Message History

The goblins go into a battle-frenzy!
The goblin closely misses you. Robin throws the goblin at you!
* * * LOW HITPOINT WARNING * * *
The goblin hits you.
* * * LOW HITPOINT WARNING * * *
The goblin barely misses you.
Robin roars a battlecry!
The goblins go into a battle-frenzy!
Some of the chunks of flesh in your inventory have rotted away.
Your transformation is almost over.
Robin throws the goblin at you!
* * * LOW HITPOINT WARNING * * *
The goblin unwields an uncursed hunting sling.
The goblin closely misses you.
You closely miss the goblin. Your grab misses the goblin.
The goblin closely misses you. x2
You hit the goblin but do no damage. Your grab misses the goblin.
You block the goblin's attack. The goblin hits you with a club.
You die...

#..........#...
#.##.#..<..>..#
##.##...####.#...#
........####.##..###
####...$...........
##.#.##........ ..
#..#.##..#....
.#..g#
#....###.#..g##
.#ggg#
....###.....g@#
.#...# #..
......).g#g##.#...#
.##.
...#####...gg...g#
.. ##..ggg##.# ...
##.##(..#.# ##..#
#..####.(.# ....#
#.## ##.?.# ..#.#
#.# #.....# ..#.#
#[# #.#####


You could see Robin, 3 hobgoblins and 5 goblins.

Vanquished Creatures
  Jessica (D:2)
  An adder (D:2)
  A giant gecko (D:1)
  5 giant cockroaches (D:1)
  2 goblins (D:2)
  2 hobgoblins (D:1)
  2 kobolds
  5 bats
  2 giant newts (D:2)
  3 rats
24 creatures vanquished.

Notes
Turn   | Place    | Note
--------------------------------------------------------------
     0 | D:1      | Nordron the Octopode Transmuter began the quest for the Orb.
     0 | D:1      | Reached XP level 1. HP: 13/13 MP: 3/3
   234 | D:1      | Reached XP level 2. HP: 12/18 MP: 3/5
   363 | D:1      | Reached skill level 3 in Transmutations
   565 | D:2      | Reached XP level 3. HP: 17/23 MP: 4/6
   663 | D:2      | Noticed Jessica
   671 | D:2      | Killed Jessica
   671 | D:2      | Reached skill level 4 in Transmutations
   764 | D:2      | Reached XP level 4. HP: 26/28 MP: 4/7
   773 | D:2      | Noticed Robin
   791 | D:2      | Slain by a goblin

Skill      XL: |  1  2  3 |
---------------+----------+-----
Transmutations | 3 4 |  4.2
Fighting       | |  1.0
Dodging        | |  2.0
Unarmed Combat | |  3.0
Spellcasting   | |  2.0

Action                   |  1- 3 |  4- 6 || total
-------------------------+-------+-------++-------
Melee: Unarmed           |    27 |       ||    27
       Constrict         |    16 |     2 ||    18
       Tentacles         |    12 |     1 ||    13
       Kick              |     9 |     1 ||    10
       Whip              |    27 |     8 ||    35
 Cast: Beastly Appendage |    16 |     1 ||    17
  Use: Scroll            |     3 |       ||     3
 Stab: Sleeping          |     2 |       ||     2
Armor: Skin              |     7 |       ||     7
Dodge: Dodged            |    37 |     8 ||    45
Block: Other             |     5 |     2 ||     7
       Reflection        |     1 |       ||     1
